 Dungeon Sprint DCSS version 0.30.1-11-g7821555f0a (webtiles) character file.

Game seed: 10286465114718235238

1179 Heoruswealwe the Impaler (level 8, -4/82 HPs)
             Began as a Minotaur Fighter on Oct 28, 2023.
             Was an Initiate of Gozag.
             Slain by a kobold brigand
             ... wielding a +0 dagger of venom
              (5 damage)
             ... in the Dungeon (Sprint IX: "|||||||||||||||||||||||||||||").
             The game lasted 00:02:54 (177 turns).

Heoruswealwe the Impaler (Minotaur Fighter)          Turns: 177, Time: 00:02:55

Health: -4/82      AC: 11    Str: 29    XL:     8   Next: 18%
Magic:  7/7        EV: 10    Int:  5    God:    Gozag
Gold:   0          SH:  0    Dex: 10    Spells: 7/7 levels left

rFire   . . .        b - +2 halberd (protect)
rCold   . . .        (shield currently unavailable)
rNeg    . . .        c - +1 scale mail
rPois   .            (helmet restricted)
rElec   .            (no cloak)
rCorr   .            f - +0 pair of gloves
SInv    .            (no boots)
Will    .....        (no amulet) Stlth
                     k - +3 ring of strength
HPRegen 0.33/turn    j - +3 ring of strength
MPRegen 0.10/turn

%: no teleportation
@: lethally poisoned (-4 -> -11), gold aura, slowed, very slow
A: horns 2, retaliatory headbutt
a: Renounce Religion, Potion Petition, Call Merchant, Bribe Branch


You were in the Dungeon.
You worshipped Gozag.
Gozag was noncommittal.
You visited 1 branch

Inventory:

Hand Weapons
 a - a +0 trident
 b - a +2 halberd of protection (weapon)
Armour
 c - a +1 scale mail (worn)
 d - a +0 buckler
 f - a +0 pair of gloves (worn)
Jewellery
 j - a +3 ring of strength (right hand)
 k - a +3 ring of strength (left hand)
Wands
 h - a wand of iceblast (10)
Scrolls
 n - 2 scrolls of blinking
Potions
 e - 5 potions of curing
 g - a potion of haste
 i - a potion of berserk rage
 l - a potion of heal wounds
 m - a potion of might


   Skills:
 + Level 11.4 Fighting
 * Level 15.2 Polearms
 + Level 11.4 Armour
 - Level 3.6 Shields


You had 7 spell levels left.
You didn't know any spells.
Your spell library was empty.

Dungeon Overview and Level Annotations

Branches:
Dungeon (1/1)

Altars:
Cheibriados
Dithmenos
Elyvilon
Fedhas
Gozag
Hepliaklqana
Kikubaaqudgha
Makhleb
Nemelex Xobeh
Okawaru
Qazlal
Ru
Sif Muna
Trog
Uskayaw
Vehumet
Wu Jian
Xom
Yredelemnul
Zin
The Shining One
Jiyva
Lugonu


Innate Abilities, Weirdness & Mutations

You have a pair of horns on your head.
You reflexively headbutt those who attack you in melee.


Message History

The troll bites you. The troll claws you. The troll claws you!
You hit the troll.
The troll is almost dead.
The troll bites you!
* * * LOW HITPOINT WARNING * * *
The troll barely misses you. The troll claws you but does no damage.
You impale the troll!!
You kill the troll!
You hear some strange, mumbled words.
You are confused.
Your Polearms skill increases to level 15!
You have reached level 8!
You feel agile.
You bump into the unnaturally hard rock wall.
You bump into the unnaturally hard rock wall.
Something hits you but does no damage.
You completely miss something. You barely miss something.
Something hits you but does no damage.
You're too confused to move!
Something hits you but does no damage.
You bump into the unnaturally hard rock wall.
Something hits you but does no damage.
You slice something!!
Your weapon exudes an aura of protection.
Reactivating autopickup.
You feel a bit more experienced.
The kobold brigand throws a curare-tipped dart.
The curare-tipped dart barely misses you.
You bump into the unnaturally hard rock wall.
You feel less confused.
The kobold brigand throws a curare-tipped dart.
The curare-tipped dart hits you.
You are poisoned.
You have difficulty breathing.
* * * LOW HITPOINT WARNING * * *
You feel yourself slow down.
* * * LOW HITPOINT WARNING * * *
You feel very sick.
The kobold brigand hits you with a +0 dagger of venom.
You die...
Your body crumbles into a pile of gold. ▓▓▓▓▓▓▓▓▓▓▓▓▓▓▓▓▓▓▓▓▓▓▓ _____'!?)[[....'@K....+ ▓▓▓▓▓▓▓▓▓▓▓▓▓▓▓▓▓▓▓▓▓▓▓ $ $ $$$$ $$$$$ $ $ $ $$$$$

You could see a kobold brigand.

Vanquished Creatures
  A two-headed ogre (D)
  A troll (D)
  A yak (D)
  An orc warrior (D)
  A phantom (D)
  A jelly (D)
  An orc wizard (D)
  A white imp (D)
  An ufetubus (D)
  A dart slug (D)
  An endoplasm (D)
  A goblin (D)
  A bat (D)
  A frilled lizard (D)
  A kobold (D)
15 creatures vanquished.

Notes
Turn   | Place    | Note
-------+----------+-------------------------------------------
     0 | D        | Heoruswealwe the Minotaur Fighter began the quest for the
                  | Orb.
     0 | D        | Reached XP level 1. HP: 19/19 MP: 0/0
    12 | D        | Reached skill level 3 in Polearms
    40 | D        | Noticed a jelly
    40 | D        | Noticed a phantom
    44 | D        | Killed a jelly
    45 | D        | Reached skill level 5 in Fighting
    45 | D        | Reached skill level 5 in Polearms
    45 | D        | Reached skill level 5 in Armour
    45 | D        | Reached XP level 2. HP: 22/29 MP: 1/1
    45 | D        | Reached XP level 3. HP: 27/36 MP: 2/2
    47 | D        | Reached skill level 6 in Polearms
    58 | D        | Killed a phantom
    59 | D        | Reached skill level 8 in Polearms
    59 | D        | Reached XP level 4. HP: 44/45 MP: 3/3
    72 | D        | Found a snail-covered altar of Cheibriados.
    72 | D        | Found a shadowy altar of Dithmenos.
    72 | D        | Found a white marble altar of Elyvilon.
    72 | D        | Found a blossoming altar of Fedhas.
    72 | D        | Found an opulent altar of Gozag.
    73 | D        | Found a hazy altar of Hepliaklqana.
    74 | D        | Found a viscous altar of Jiyva.
    75 | D        | Found an ancient bone altar of Kikubaaqudgha.
    76 | D        | Found a corrupted altar of Lugonu.
    77 | D        | Found a burning altar of Makhleb.
    78 | D        | Found a sparkling altar of Nemelex Xobeh.
    79 | D        | Found an iron altar of Okawaru.
    80 | D        | Became a worshipper of Gozag Ym Sagoz the Greedy
    81 | D        | Found a stormy altar of Qazlal.
    82 | D        | Found a sacrificial altar of Ru.
    83 | D        | Found a shimmering blue altar of Sif Muna.
    84 | D        | Found a bloodstained altar of Trog.
    85 | D        | Found a hide-covered altar of Uskayaw.
    86 | D        | Found a radiant altar of Vehumet.
    87 | D        | Found an ornate altar of the Wu Jian Council.
    88 | D        | Found a shimmering altar of Xom.
    89 | D        | Found a basalt altar of Yredelemnul.
    90 | D        | Found a glowing silver altar of Zin.
    91 | D        | Found a glowing golden altar of the Shining One.
   146 | D        | Noticed an orc warrior
   146 | D        | Noticed a two-headed ogre
   146 | D        | Noticed a yak
   146 | D        | Noticed a troll
   146 | D        | Noticed a kobold brigand
   149 | D        | Killed an orc warrior
   150 | D        | Reached skill level 10 in Polearms
   150 | D        | Reached XP level 5. HP: 39/53 MP: 4/4
   155 | D        | Killed a two-headed ogre
   156 | D        | Reached skill level 10 in Fighting
   156 | D        | Reached skill level 14 in Polearms
   156 | D        | Reached skill level 10 in Armour
   156 | D        | Reached XP level 6. HP: 43/67 MP: 5/5
   156 | D        | Reached XP level 7. HP: 46/73 MP: 6/6
   157 | D        | Killed a yak
   168 | D        | Killed a troll
   169 | D        | Reached skill level 15 in Polearms
   169 | D        | Reached XP level 8. HP: 14/82 MP: 7/7
   176 | D        | HP: 4/82 [asphyx]
   177 | D        | HP: 1/82 [poisoned by a kobold brigand (curare-tipped
                  | dart)]
   177 | D        | Slain by a kobold brigand

Illustrated notes

Levels and vault maps discovered:
D:        linesprint [early_d, line_temple, items_1, d_10, items_2, lair_1,
          lair_end, items_3, orc_1, orc_end, items_4, d_15, swamp_1, shoals_1,
          snake_1, spider_1, d_20, vaults_1, items_5, swamp_end, shoals_end,
          snake_end, spider_end, vaults_end, d_27, items_6, zot_1, zot_end,
          crypt_end, forest_end, elf_end, slime_end, tomb_end, abyss_end,
          pan_hell_end]

Skill      XL: |  1  2  3  4  5  6  7 |
---------------+----------------------+-----
Polearms       | 5 8 10 14 15 | 15.2
Fighting       | 5 6 7 10 11 | 11.4
Armour         | 5 6 7 10 11 | 11.4
Shields        | |  3.6

Action                     |  1- 3 |  4- 6 |  7- 9 || total
---------------------------+-------+-------+-------++-------
  Melee: Trident           |    42 |     7 |       ||    49
         Headbutt          |     3 |     3 |       ||     6
         Halberd           |       |     7 |    13 ||    20
    Use: Potion            |     1 |     1 |       ||     2
 Armour: Scale mail        |    11 |     3 |     7 ||    21
  Dodge: Dodged            |    19 |     7 |     5 ||    31
  Block: Buckler           |     4 |       |       ||     4
